 Dungeon Sprint DCSS version 0.30-a0-1155-gf8af5b4991 (webtiles) character file.

Game seed: 4023833538512290155

807 Jewman the Fighter (level 7, 0/64 HPs)
             Began as a Demonspawn Fighter on Apr 24, 2023.
             Was an Initiate of Jiyva.
             Slain by a vampire (11 damage)
             ... in the Dungeon (Sprint IX: "|||||||||||||||||||||||||||||").
             The game lasted 00:01:23 (194 turns).

Jewman the Fighter (Demonspawn Fighter)              Turns: 194, Time: 00:01:23

Health: 0/64       AC: 13    Str: 19    XL:     7   Next: 60%
Magic:  7/7        EV: 10    Int: 12    God:    Jiyva [......]
Gold:   0          SH:  6    Dex: 12    Spells: 6/6 levels left

rFire   . . .        a - +0 flail
rCold   . . .        c - +0 buckler
rNeg    . . .        o - +1 chain mail
rPois   .            (no helmet)
rElec   .            (no cloak)
rCorr   .            n - +0 pair of gloves
SInv    .            (no boots)
Will    .....        (no amulet) Stlth
                     q - +3 ring of intelligence
HPRegen 0.30/turn    p - +2 ring of evasion
MPRegen 0.10/turn

%: no teleportation
@: mighty, hasted, very quick
A: foul stench 1, demonic magic 1, demonic touch 2
a: Renounce Religion


You were in the Dungeon.
You worshipped Jiyva.
Jiyva was noncommittal.
You visited 1 branch

Inventory:

Hand Weapons
 a - a +0 flail (weapon)
Armour
 c - a +0 buckler (worn)
 n - a +0 pair of gloves (worn)
 o - a +1 chain mail (worn)
Jewellery
 p - a +2 ring of evasion (right hand)
 q - a +3 ring of intelligence (left hand)
Wands
 m - a wand of iceblast (10)
Scrolls
 j - 2 scrolls of blinking
 l - 2 scrolls of amnesia
Potions
 e - 5 potions of curing
 f - a potion of heal wounds
 h - 4 potions of magic
 i - a potion of berserk rage
 k - a potion of invisibility


   Skills:
 + Level 9.5 Fighting
 + Level 7.5 Maces & Flails
 + Level 8.4 Armour
 + Level 0.4 Dodging
 + Level 7.9 Shields


You had 6 spell levels left.
You didn't know any spells.
Your spell library was empty.

Dungeon Overview and Level Annotations

Branches:
Dungeon (1/1)

Altars:
Cheibriados
Dithmenos
Fedhas
Gozag
Hepliaklqana
Kikubaaqudgha
Makhleb
Nemelex Xobeh
Okawaru
Qazlal
Ru
Sif Muna
Trog
Uskayaw
Vehumet
Wu Jian
Xom
Yredelemnul
Jiyva
Lugonu


Innate Abilities, Weirdness & Mutations

You may rarely emit foul miasma when damaged in melee.
Spells you cast may paralyse adjacent enemies.
Your touch may inflict irresistible damage on your foes.


Message History

You bludgeon the steam dragon!!
The steam dragon is severely wounded.
You are engulfed in a cloud of scalding steam.
The steam dragon breathes steam at you. The ball of steam hits you!!
* * * LOW HITPOINT WARNING * * *
You feel much better.
You are engulfed in a cloud of scalding steam.
The steam dragon bites you but does no damage.
The steam dragon claws you but does no damage.
You hit the steam dragon.
The steam dragon is almost dead.
You sock the steam dragon!
You kill the steam dragon!
The steam dragon scales are intact enough to wear.
Your Fighting skill increases to level 9!
You have reached level 7!
Your demonic ancestry asserts itself...
Your hands glow brighter with unholy energy.
You sock the troll!
The troll is heavily wounded.
You block the troll's attack. The troll closely misses you. x2
You thump the troll!
The troll is severely wounded.
You barely miss the troll.
The troll is severely wounded.
The troll bites you but does no damage. You block the troll's attack. x2
You bludgeon the troll!!
You kill the troll!
The troll leather armour is intact enough to wear.
Your Maces & Flails skill increases to level 7!
Your Armour skill increases to level 8!
You closely miss something. You thump something! Something hits you!
* * * LOW HITPOINT WARNING * * *
Something bites you but does no damage.
You hit something. Something hits you!
* * * LOW HITPOINT WARNING * * *
Something bites you!
You die...

▓.▓
▓)▓
▓.▓
▓[▓
▓.▓
▓.▓
▓.▓
▓[▓
▓@▓
▓[▓
▓.▓
▓.▓
▓.▓
▓.▓
▓.▓
▓+▓


There were no monsters in sight!

Vanquished Creatures
  A troll (D)
  A hornet (D)
  A shadow (D)
  A steam dragon (D)
  2 howler monkeys (D)
  A jelly (D)
  An adder (D)
  2 orcs (D)
  A goblin (D)
  A quokka (D)
  A frilled lizard (D)
  A kobold (D)
  A rat (D)
15 creatures vanquished.

Vanquished Creatures (others)
  A meliai (D)
  A slime creature (D)
2 creatures vanquished.

Grand Total: 17 creatures vanquished

Notes
Turn   | Place    | Note
-------+----------+-------------------------------------------
     0 | D        | Jewman the Demonspawn Fighter began the quest for the Orb.
     0 | D        | Reached XP level 1. HP: 18/18 MP: 1/1
    45 | D        | Noticed a howler monkey
    45 | D        | Noticed a jelly
    50 | D        | Killed a howler monkey
    51 | D        | Reached skill level 4 in Fighting
    51 | D        | Gained mutation: Spells you cast may paralyse adjacent
                  | enemies. [demonic ancestry]
    51 | D        | Reached XP level 2. HP: 24/26 MP: 2/2
    51 | D        | Reached XP level 3. HP: 29/31 MP: 3/3
    54 | D        | Reached skill level 5 in Fighting
    54 | D        | Reached XP level 4. HP: 33/39 MP: 4/4
    59 | D        | Reached skill level 5 in Armour
    90 | D        | Found a snail-covered altar of Cheibriados.
    90 | D        | Found a shadowy altar of Dithmenos.
    90 | D        | Found a blossoming altar of Fedhas.
    90 | D        | Found an opulent altar of Gozag.
    91 | D        | Found a hazy altar of Hepliaklqana.
    92 | D        | Found a viscous altar of Jiyva.
    93 | D        | Found an ancient bone altar of Kikubaaqudgha.
    94 | D        | Found a corrupted altar of Lugonu.
    95 | D        | Found a burning altar of Makhleb.
    96 | D        | Found a sparkling altar of Nemelex Xobeh.
    97 | D        | Found an iron altar of Okawaru.
    98 | D        | Found a stormy altar of Qazlal.
    99 | D        | Found a sacrificial altar of Ru.
   100 | D        | Became a worshipper of Jiyva Jych the Shapeless
   100 | D        | Killed a meliai
   101 | D        | Found a shimmering blue altar of Sif Muna.
   102 | D        | Found a bloodstained altar of Trog.
   103 | D        | Found a hide-covered altar of Uskayaw.
   103 | D        | Killed a slime creature
   104 | D        | Found a radiant altar of Vehumet.
   105 | D        | Found an ornate altar of the Wu Jian Council.
   106 | D        | Found a shimmering altar of Xom.
   107 | D        | Found a basalt altar of Yredelemnul.
   159 | D        | Noticed a shadow
   159 | D        | Noticed a hornet
   159 | D        | Noticed a steam dragon
   159 | D        | Noticed a troll
   159 | D        | Noticed a vampire
   164 | D        | Reached skill level 6 in Fighting
   164 | D        | Reached skill level 5 in Shields
   166 | D        | Killed a shadow
   167 | D        | Reached skill level 7 in Fighting
   167 | D        | Gained mutation: Your touch may inflict minor irresistible
                  | damage on your foes. [demonic ancestry]
   167 | D        | Reached XP level 5. HP: 17/48 MP: 5/5
   171 | D        | Paralysed by a hornet for 2 turns
   181 | D        | Killed a hornet
   182 | D        | Reached skill level 8 in Fighting
   182 | D        | Gained mutation: You may rarely emit foul miasma when
                  | damaged in melee. [demonic ancestry]
   182 | D        | Reached XP level 6. HP: 23/57 MP: 6/6
   187 | D        | Killed a steam dragon
   188 | D        | Reached skill level 9 in Fighting
   188 | D        | Gained mutation: Your touch may inflict irresistible damage
                  | on your foes. [demonic ancestry]
   188 | D        | Reached XP level 7. HP: 28/64 MP: 7/7
   191 | D        | Killed a troll
   194 | D        | Slain by a vampire

Illustrated notes

Levels and vault maps discovered:
D:        linesprint [early_d, line_temple, items_1, d_10, items_2, lair_1,
          lair_end, items_3, orc_1, orc_end, items_4, d_15, swamp_1, shoals_1,
          snake_1, spider_1, d_20, vaults_1, items_5, swamp_end, shoals_end,
          snake_end, spider_end, vaults_end, d_27, items_6, zot_1, zot_end,
          crypt_end, forest_end, elf_end, slime_end, tomb_end, abyss_end,
          pan_hell_end]

Skill      XL: |  1  2  3  4  5  6  7 |
---------------+----------------------+-----
Armour         | 4 6 7 8 |  8.4
Shields        | 4 6 7 |  7.9
Maces & Flails | 2 4 6 7 |  7.5
Fighting       | 4 5 7 8 9 |  9.5
Dodging        | |  0.4

Action                     |  1- 3 |  4- 6 |  7- 9 || total
---------------------------+-------+-------+-------++-------
  Melee: Flail             |    20 |    33 |     7 ||    60
    Use: Potion            |       |     4 |       ||     4
 Armour: Scale mail        |     8 |     5 |       ||    13
         Chain mail        |       |    11 |     2 ||    13
  Dodge: Dodged            |     6 |    17 |     2 ||    25
  Block: Buckler           |     3 |     3 |     3 ||     9

Table legend: (Time is in decaauts)
 A = Elapsed time spent in this place.
 B = Non-inter-level travel time spent in this place.
 C = Inter-level travel time spent in this place.
 D = Time resting spent in this place.
 E = Time spent auto-exploring this place.
 F = Levels seen in this place.
 G = Mean time per level.
                   A        B        C        D        E       F      G
               +--------+--------+--------+--------+--------+-----+--------+
         Total |    196 |    196 |      0 |      0 |     58 |   1 |  196.0 |
       Dungeon |    196 |    196 |      0 |      0 |     58 |   1 |  196.0 |
               +--------+--------+--------+--------+--------+-----+--------+

Top non-repeatable levels by time:
       D: 196 daAuts
